 Dungeon Crawl Stone Soup version 0.31.0-12-g77e489cdc1 (webtiles) character file.

Game seed: 7129338219614493248

82 jagang the Slasher (level 4, -2/35 HPs)
             Began as a Human Monk on Feb 20, 2024.
             Slain by a steam dragon (3 damage)
             ... on level 6 of the Dungeon.
             The game lasted 00:03:51 (1773 turns).

jagang the Slasher (Human Monk)                     Turns: 1773, Time: 00:03:51

Health: -2/35      AC:  6    Str: 11    XL:     4   Next: 43%
Magic:  4/4        EV: 11    Int: 11    God:
Gold:   181        SH:  0    Dex: 17    Spells: 3/3 levels left

rFire   . . .        b - +1 short sword (speed)
rCold   . . .        d - orb {light}
rNeg    . . .        h - +0 ring mail
rPois   .            o - +0 helmet
rElec   .            (no cloak)
rCorr   .            (no gloves)
SInv    .            (no boots)
Will    .....        (no amulet)
Stlth   +            (no ring)
HPRegen 0.25/turn    (no ring)
MPRegen 0.09/turn

%: no passive effects
@: glowing
A: explore regen
a: no special abilities


You were on level 6 of the Dungeon.
You visited 1 branch of the dungeon, and saw 4 of its levels.

You collected 181 gold pieces.

Inventory:

Hand Weapons
 a - a +0 falchion
 b - a +1 short sword of speed (weapon)
Armour
 d - an orb of light (worn)
 h - a +0 ring mail (worn)
 o - a +0 helmet (worn)
Jewellery
 j - a ring of fire
Scrolls
 e - 2 scrolls of teleportation {unknown}
 i - 2 scrolls of identify {unknown}
 k - a scroll of enchant weapon {unknown}
 m - a scroll of vulnerability {unknown}
 n - a scroll of noise {unknown}
Potions
 c - a potion of ambrosia
 f - a potion of brilliance {unknown}
 g - a potion of might {unknown}


   Skills:
 + Level 3.5 Fighting
 * Level 4.2 Long Blades
 + Level 1.6 Armour
 - Level 3.0 Dodging


You had 3 spell levels left.
You didn't know any spells.
Your spell library contained the following spells:

 Spells                   Type           Power      Damage    Failure   Level
 Blink                    Tloc           0%         N/A       77%         2
 Lesser Beckoning         Tloc           0%         N/A       77%         2
 Momentum Strike          Conj/Tloc      0%         3d8       77%         2
 Dazzling Flash           Conj/Hex       0%         N/A       94%         3
 Volatile Blastmotes      Fire/Tloc      0%         2d10      94%         3
 Dimensional Bullseye     Hex/Tloc       0%         N/A       100%        4
 Passage of Golubria      Tloc           0%         N/A       100%        4
 Metabolic Englaciation   Hex/Ice        0%         N/A       100%        5
 Starburst                Conj/Fire      0%         6d3       100%        6
 Maxwell's Capacitive Co  Air            0%         ∞         100%        8


Dungeon Overview and Level Annotations

Branches:
Dungeon (3/15)

Altars:
Hepliaklqana
Kikubaaqudgha


Innate Abilities, Weirdness & Mutations

You regain HP and MP as you explore.


Message History

There is an open door here.
You hear the slow rusting of a drain nearby.
Found a scroll labelled YDIACL YNENUZE.
Found a stone staircase leading down.
e - 2 scrolls labelled YDIACL YNENUZE (gained 1)
You open the door.
Found 23 gold pieces.
There is an open door here.
You now have 168 gold pieces (gained 10).
You now have 181 gold pieces (gained 13).
You open the door.
A kobold, a quokka and a goblin come into view.
The kobold is wielding a +0 short sword and quivering poisoned darts.
A malevolent force fills the Dungeon...
You fall into a shaft and drop 3 floors!
The shaft crumbles and collapses.
Found a robe.
A steam dragon comes into view.
The steam dragon hisses angrily.
Okay, then.
You start waiting.
A steam dragon is nearby!
The steam dragon breathes steam at you. The ball of steam hits you!!
Ouch! That really hurt!
You are too injured to fight recklessly!
You completely miss the steam dragon.
You hit the steam dragon but do no damage.
The steam dragon bites you but does no damage.
The steam dragon claws you.
You hit the steam dragon but do no damage.
You hit the steam dragon but do no damage.
The steam dragon breathes steam at you. The ball of steam hits you!
* * * LOW HITPOINT WARNING * * *
You hit the steam dragon but do no damage.
You are engulfed in a cloud of scalding steam.
* * * LOW HITPOINT WARNING * * *
The steam dragon misses you. The steam dragon claws you.
You die...

### ..#
##### ##..#
#....###...#
.....§...#
#.§..#
##§@## #D##
#.# #.# #.##
#..# #...[.#
##....#
##..##


You could see a steam dragon (catching breath).

Vanquished Creatures
  Robin (D:2)
  A gnoll (D:3)
  An adder (D:2)
  4 ball pythons (D:1)
  2 endoplasms (D:1)
  4 giant cockroaches (D:1)
  5 hobgoblins
  A quokka (D:1)
  2 bats
  11 frilled lizards
  15 goblins
  2 kobolds (D:1)
  2 rats
51 creatures vanquished.

Notes
Turn   | Place    | Note
-------+----------+-------------------------------------------
     0 | D:1      | jagang the Human Monk began the quest for the Orb.
     0 | D:1      | Reached XP level 1. HP: 18/18 MP: 1/1
   102 | D:1      | Got the Tome of Translocational Ice
   286 | D:1      | Reached XP level 2. HP: 24/24 MP: 2/2
   655 | D:1      | Reached skill level 1 in Armour
   655 | D:1      | Reached XP level 3. HP: 29/29 MP: 3/3
  1084 | D:2      | Found a faded altar of an unknown god.
  1249 | D:2      | Noticed Robin
  1276 | D:2      | Killed Robin
  1277 | D:2      | Reached skill level 4 in Long Blades
  1277 | D:2      | Reached XP level 4. HP: 26/35 MP: 4/4
  1645 | D:3      | Found an ancient bone altar of Kikubaaqudgha.
  1652 | D:3      | Found a hazy altar of Hepliaklqana.
  1751 | D:3      | You fall into a shaft and drop 3 floors!
  1756 | D:6      | Noticed a steam dragon
  1772 | D:6      | HP: 1/35 [steam dragon] (1)]
  1773 | D:6      | Slain by a steam dragon

Illustrated notes

Levels and vault maps discovered:
D:1:      moated_graveyard_arrival, layout_basic, dreamdust_wishing_well,
          nicolae_kite_square_tiling_tiny, solitary_fountain, minmay_lizard_king
D:2:      layout_basic, shapermc_ecumenical_altar_venn, uniq_robin
D:3:      layout_basic, jmf_multi_god_temple2, gup_sewer_entry_spiral
D:6:      layout_layer_cave, nzn_wu_jian_council_hall, minmay_misc_feat_hallway

Skill      XL: |  1  2  3 |
---------------+----------+-----
Armour         | 1 |  1.6
Long Blades    | 4 |  4.2
Fighting       | |  3.5
Dodging        | |  3.0

Action                     |  1- 3 |  4- 6 || total
---------------------------+-------+-------++-------
  Melee: Falchion          |    30 |       ||    30
         Short sword       |    70 |    34 ||   104
 Armour: Robe              |     9 |       ||     9
         Ring mail         |    45 |    13 ||    58
  Dodge: Dodged            |    42 |    14 ||    56
